 Dungeon Crawl Stone Soup version 0.22-a0-525-gf69a080 (webtiles) character file.

15 iamserjio the Charmwright (level 2, -2/15 HPs)
             Began as a Vine Stalker Skald on June 21, 2018.
             Slain by a hobgoblin (3 damage)
             ... on level 1 of the Dungeon.
             The game lasted 00:02:09 (311 turns).

iamserjio the Charmwright (Vine Stalker Skald)       Turns: 311, Time: 00:02:09

Health: -2/15      AC:  3    Str: 13    XL:     2   Next: 50%
Magic:  0/6        EV: 11    Int: 13    God:
Gold:   9          SH:  0    Dex: 13    Spells: 2/5 levels left

rFire    . . .     SeeInvis .     - Unarmed
rCold    . . .     Gourm    .   (no shield)
rNeg     . . .     Faith    .   a - +0 leather armour
rPois    .         Spirit   +   (no helmet)
rElec    .         Reflect  .   (no cloak)
rCorr    .         Harm     .   (no gloves)
MR       .....                  (no boots)
Stlth    +.........             (no amulet)
HPRegen  0.05/turn              (no ring)
MPRegen  0.10/turn              (no ring)

@: infused, singing
A: fangs 2, magic shield, antimagic bite, no potion heal 3, rot immunity
a: no special abilities


You were on level 1 of the Dungeon.
You were not hungry.

You visited 1 branch of the dungeon, and saw 2 of its levels.

You collected 9 gold pieces.

Inventory:

Armour
 a - a +0 leather armour (worn)
Scrolls
 b - 2 scrolls of identify {unknown}
Potions
 d - a potion of lignification {unknown}
 e - a potion of haste {unknown}
 f - 2 potions of heal wounds {unknown}
Comestibles
 c - 2 rations


   Skills:
 + Level 2.1 Fighting
 - Level 0.7 Armour
 - Level 1.5 Dodging
 * Level 2.7 Unarmed Combat
 - Level 2.1 Spellcasting
 - Level 3.0 Charms


You had 2 spell levels left.
You knew the following spells:

 Your Spells              Type           Power        Failure   Level  Hunger
a - Infusion              Chrm           #...         10%         1    ##.....
b - Song of Slaying       Chrm           #.......     14%         2    ###....

Your spell library contained the following spells:

 Spells                   Type           Power        Failure   Level  Hunger
 Regeneration             Chrm/Necr      #.........   45%         3    ####...
 Shroud of Golubria       Chrm/Tloc      #.........   26%         2    ###....
 Spectral Weapon          Hex/Chrm       #.......     45%         3    ####...


Dungeon Overview and Level Annotations

Branches:
Dungeon (2/15)

Altars:

Annotations:
D:2 Sigmund


Innate Abilities, Weirdness & Mutations

You have extremely sharp teeth.
When hurt, damage is shared between your health and your magic reserves.
Your bite disrupts and absorbs the magic of your enemies.
Potions cannot restore your health.
You are immune to rotting.


Message History

You begin infusing your attacks with magical energy.
The bat hits you but does no damage. The hobgoblin hits you.
Casting: Infusion (safe; 10% risk of failure)
Confirm with . or Enter, or press ? or * to list all spells.
You start singing a song of slaying.
The bat closely misses you. x2
The hobgoblin closely misses you.
You closely miss the hobgoblin. Your bite misses the hobgoblin.
The bat hits you. The hobgoblin hits you.
* * * LOW HITPOINT WARNING * * *
The bat barely misses you.
You are too injured to fight recklessly!
You hit the bat.
You kill the bat!
The bat misses you. The hobgoblin closely misses you.
You hit the bat. Your bite misses the bat.
The bat is severely wounded.
The bat hits you.
* * * LOW HITPOINT WARNING * * *
The hobgoblin hits you.
You die...

#................
................# ###.###
..............#.. .......
..........#...#.# .J....
..###.........#.# ....#
#.............#.# ....#
..............#.# ....#
......#.......#.##bJ..#..
..............b.@gSb.....
.######.......#†###.#.#..
## #.......#... #
#############
######.########
##...#...#.#...## ###
#..##..##....⌠..# ##.#
##..###.####.....#
#..###..## ##'####...##


You could see an ooze, a hobgoblin, 3 bats and a ball python.

Vanquished Creatures
  A dart slug (D:1)
  A goblin (D:1)
  A hobgoblin (D:2)
  4 bats (D:1)
  A frilled lizard (D:1)
  4 kobolds (D:1)
  2 rats (D:1)
14 creatures vanquished.

Notes
Turn   | Place    | Note
-------+----------+-------------------------------------------
     0 | D:1      | iamserjio the Vine Stalker Skald began the quest for the Orb.
     0 | D:1      | Reached XP level 1. HP: 11/11 MP: 4/4
   193 | D:1      | Reached XP level 2. HP: 6/15 MP: 0/6
   220 | D:2      | Learned a level 2 spell: Song of Slaying
   228 | D:2      | Noticed Sigmund
   311 | D:1      | Slain by a hobgoblin

Vault maps used:
D:1:      dpeg_cavernosity
D:2:      uniq_sigmund

Skill      XL: |  1 |
---------------+----+-----
Fighting       | 2 |  2.1
Armour         | |  0.7
Dodging        | |  1.5
Unarmed Combat | |  2.7
Spellcasting   | |  2.1
Charms         | |  3.0

Action                   || total
-------------------------++-------
Melee: Unarmed           ||    46
       Bite              ||     9
 Cast: Infusion          ||     3
       Song of Slaying   ||     1
 Stab: Sleeping          ||     1
Armor: Leather armour    ||    23
Dodge: Dodged            ||    37

Table legend:
 A = Spawn XP
 B = Non-spawn XP
 C = Spawn XP percentage of total XP
 D = Spawn monster count
 E = Non-spawn monster count
 F = Spawn count percentage of total count
 G = Total turns spent on level
                    A         B        C        D         E        F      G
               +---------+---------+-------+---------+---------+-------+---------
         Total |       0 |      22 |   0.0 |       0 |      14 |   0.0 |   311
               +---------+---------+-------+---------+---------+-------+---------
           D:1 |       0 |      20 |   0.0 |       0 |      13 |   0.0 |   277
           D:2 |       0 |       2 |   0.0 |       0 |       1 |   0.0 |    34
               +---------+---------+-------+---------+---------+-------+---------
